 Dungeon Sprint DCSS version 0.20.1-1-g8b1a95d (webtiles) character file.

10601 equalderp2856 the Severer (level 11, 71/79 HPs)
             Began as a Minotaur Fighter on Oct 8, 2017.
             Starved to death
             ... in the Dungeon (Sprint I: "Red Sonja").
             The game lasted 00:13:16 (4856 turns).

equalderp2856 the Severer (Minotaur Fighter)        Turns: 4856, Time: 00:13:18

Health: 71/79      AC:  6    Str: 15 (17) XL:     11   Next: 38%
Magic:  9/9        EV: 12    Int: -3 (2)  God:
Gold:   1527       SH: 13    Dex:  8      Spells: 10/10 levels left

rFire    . . .     SeeInvis .   a - +0 war axe
rCold    . . .     Gourm    .   c - +0 shield
rNeg     . . .     Faith    .   b - +0 scale mail
rPois    .         Spirit   .   (helmet restricted)
rElec    .         Reflect  .   (no cloak)
rCorr    .         Harm     .   (no gloves)
MR       .....     Rnd*Rage +   (no boots) Stlth +.........NoTele +
                                (no amulet)
Regen    0.3/turn               (no ring)
MPRegen  0.2/turn               (no ring)

@: fainting, slowed, lost intelligence, very slow
A: retaliatory headbutt, horns 2, berserk 3, blurry vision 3, clumsy 2, deformed
body, deterioration 2, dopey 2, frail 3, low mp 1, screaming 2, inhibited
regeneration, weak 2, no potion heal 3, subdued magic 3, MP-powered wands
a: no special abilities


You were in the Dungeon.
You were fainting.

You visited 1 branch You collected 1683 gold pieces.
You spent 156 gold pieces at shops.

Inventory:

Hand Weapons
 a - a +0 war axe (weapon)
 q - a +2 vampiric spear
Armour
 b - a +0 scale mail (worn)
 c - a +0 shield (worn)
Wands
 l - a wand of polymorph (7/24)
Scrolls
 k - a scroll of blinking
 n - a scroll of remove curse {unknown}
 o - a scroll of enchant weapon {unknown}
Potions
 d - a potion of might
 e - a potion of curing
 g - a potion of heal wounds
 h - a potion of haste
 i - 2 potions of magic
 j - a potion of berserk rage


   Skills:
 + Level 15.6 Fighting
 + Level 18.0 Axes
 + Level 14.3 Armour
 + Level 7.1 Dodging
 + Level 3.2 Stealth
 + Level 15.6 Shields
 + Level 0.8 Evocations


You had 10 spell levels left.
You didn't know any spells.

Dungeon Overview and Level Annotations

Branches:
Dungeon (1/1)

Altars:
Cheibriados
Dithmenos
Elyvilon
Fedhas
Gozag
Hepliaklqana
Kikubaaqudgha
Makhleb
Nemelex Xobeh
Okawaru
Qazlal
Ru
Sif Muna
Trog
Uskayaw
Vehumet
Xom
Yredelemnul
Zin
The Shining One
Jiyva
Lugonu

Shops:
D }:?[(([[=((}(*!?*(%[=


Innate Abilities, Weirdness & Mutations

You reflexively headbutt those who attack you in melee.
You have a pair of horns on your head.
You have an uncontrollable temper.
Scrolls take you much longer to read.
You are very clumsy. (Dex -4)
Armour fits poorly on your strangely shaped body.
Your body often deteriorates upon taking damage.
You are very dopey. (Int -4)
You are extremely frail. (-30% HP)
Your magical capacity is low. (-10% MP)
You sometimes yell uncontrollably at your foes.
You do not regenerate when monsters are visible.
You are very weak. (Str -4)
Potions cannot restore your health.
Your spells are much easier to cast, but much less powerful.
You expend magic power (3 MP) to strengthen your wands.


Message History

Your body deteriorates!
You feel weakened.
There is an arrow trap here.
You lose consciousness!
You can move again.
There is an open door here.
There is an open door here.
You see here 11 stones.
You feel yourself speed up.
There is a deep blue altar of Sif Muna here.
There is an open door here.
You enter the shallow water.
Moving in this stuff is going to be slow.
You lose consciousness!
You recover from your berserk rage.
You can move again.
There is an open door here.
There is an open door here.
There is an open door here.
You have starved to death.
You die...

_##'#..'§§§.§'.§#...
..'..._#§§≈§§#..#...§
_##_.#'##(#####'###§§.
_ ##'#.#(...###§'.#...#
####)####'###.###.#.§##
..'...'..))((.∩##.#.§#
###...###########.#
####.###.....§.##§# .#
#+# #......§§@§# .#
#'''######§# .#
#......§§#§#
.#######....§..#§§#
.##.).......§§≈####
.##.().....§.≈≈#
.###.......≈≈≈## ##
###..≈≈≈≈###
∩####'######.###


There were no monsters in sight!

Vanquished Creatures
  2 centaur warriors (D)
  A deep troll (D)
  2 unseen horrors (D)
  An oklob plant (D)
  8 shining eyes (D)
  A gargoyle (D)
  2 kobold demonologists (D)
  4 demonic crawlers (D)
  A hornet (D)
  A slime creature (D)
  Sigmund (D)
  2 redbacks (D)
  A yak (D)
  A fire bat (D)
  6 floating eyes (D)
  7 necrophages (D)
  An ogre (D)
  8 jellies (D)
  Ijyb (D)
51 creatures vanquished.

Vanquished Creatures (others)
  A gargoyle (D)
1 creature vanquished.

Grand Total: 52 creatures vanquished

Notes
Turn   | Place    | Note
-------+----------+-------------------------------------------
     0 | D        | equalderp2856 the Minotaur Fighter began the quest for the Orb.
     0 | D        | Reached XP level 1. HP: 19/19 MP: 0/0
     2 | D        | Noticed Ijyb
    19 | D        | Killed Ijyb
    19 | D        | Reached skill level 5 in Fighting
    19 | D        | Reached skill level 3 in Axes
    19 | D        | Reached skill level 5 in Shields
    19 | D        | Reached XP level 2. HP: 29/29 MP: 1/1
    97 | D        | Noticed an ogre
   103 | D        | Killed an ogre
   103 | D        | Reached skill level 4 in Axes
   103 | D        | Reached XP level 3. HP: 18/38 MP: 2/2
   103 | D        | Reached XP level 4. HP: 22/45 MP: 3/3
   333 | D        | Noticed Sigmund
   339 | D        | Killed Sigmund
   339 | D        | Reached skill level 6 in Axes
   339 | D        | Reached XP level 5. HP: 55/56 MP: 4/4
   339 | D        | Reached XP level 6. HP: 61/62 MP: 5/5
   365 | D        | Found a burning altar of Makhleb.
   365 | D        | Found a viscous altar of Jiyva.
   365 | D        | Found a shimmering altar of Xom.
   365 | D        | Found a corrupted altar of Lugonu.
   365 | D        | Noticed a slime creature
   373 | D        | Killed a slime creature
   373 | D        | Reached skill level 7 in Axes
   373 | D        | Reached skill level 10 in Shields
   437 | D        | Found a deep blue altar of Sif Muna.
   439 | D        | Found a radiant altar of Vehumet.
   443 | D        | Reached skill level 8 in Axes
   538 | D        | Found Voecob's Antique Armour Emporium.
   538 | D        | Found an ancient bone altar of Kikubaaqudgha.
   538 | D        | Found a hazy altar of Hepliaklqana.
   538 | D        | Found a hide-covered altar of Uskayaw.
   538 | D        | Found a basalt altar of Yredelemnul.
   538 | D        | Found an opulent altar of Gozag.
   538 | D        | Found a snail-covered altar of Cheibriados.
   538 | D        | Found a sacrificial altar of Ru.
   538 | D        | Found a shadowy altar of Dithmenos.
   538 | D        | Noticed a yak
   545 | D        | Killed a yak
   545 | D        | Reached skill level 10 in Fighting
   545 | D        | Reached XP level 7. HP: 61/72 MP: 6/6
   546 | D        | Found a stormy altar of Qazlal.
   546 | D        | Found a blossoming altar of Fedhas.
   546 | D        | Found a bloodstained altar of Trog.
   546 | D        | Found an iron altar of Okawaru.
   546 | D        | Found a glowing golden altar of the Shining One.
   546 | D        | Found a glowing silver altar of Zin.
   546 | D        | Found a white marble altar of Elyvilon.
   548 | D        | Found a sparkling altar of Nemelex Xobeh.
   596 | D        | Noticed Sonja
   598 | D        | Noticed Sonja
   598 | D        | Sonja changed into Sonja the fire bat
   603 | D        | Killed Sonja the fire bat
   603 | D        | Reached skill level 9 in Axes
   603 | D        | Reached skill level 10 in Armour
   619 | D        | Noticed a deep troll
   625 | D        | Killed a deep troll
   625 | D        | Reached skill level 10 in Axes
   625 | D        | Reached XP level 8. HP: 67/82 MP: 7/7
   637 | D        | Found Vueruigo's Armour Emporium.
   670 | D        | Noticed a centaur warrior
   691 | D        | Noticed a centaur warrior
   711 | D        | Killed a centaur warrior
   711 | D        | Reached skill level 12 in Axes
   711 | D        | Reached skill level 1 in Stealth
   719 | D        | Killed a centaur warrior
   719 | D        | Reached skill level 13 in Axes
   719 | D        | Reached skill level 5 in Dodging
   719 | D        | Reached XP level 9. HP: 48/90 MP: 8/8
   914 | D        | Noticed an oklob plant
   924 | D        | Killed an oklob plant
   924 | D        | Reached skill level 14 in Axes
  1194 | D        | Killed a gargoyle
  1402 | D        | Killed an unseen horror
  1402 | D        | Reached XP level 10. HP: 74/101 MP: 9/9
  1426 | D        | Killed an unseen horror
  1426 | D        | Reached skill level 15 in Axes
  2040 | D        | Found Fiuwameub's Weapon Boutique.
  2041 | D        | Found Bein's Food Emporium.
  2042 | D        | Found Iffiutuv's Jewellery Emporium.
  2072 | D        | Found Lokhaf's Antique Armour Shoppe.
  2072 | D        | Found Jeckaem's Armour Shop.
  2072 | D        | Found Magecu's Jewellery Boutique.
  2074 | D        | Found Geseriur's Antique Weapon Emporium.
  2074 | D        | Found Vaor's Antique Weapon Shop.
  2074 | D        | Found Piungitt's Gadget Shoppe.
  2074 | D        | Found Namenico's Weapon Boutique.
  2074 | D        | Found Viesm's Assorted Antiques.
  2074 | D        | Found Fezips's Distillery.
  2074 | D        | Found Qiureghi's Magic Scroll Shoppe.
  2076 | D        | Found Gefawiem's Assorted Antiques.
  2150 | D        | Found Komn's Gadget Boutique.
  2161 | D        | Noticed a shining eye
  2161 | D        | Noticed a shining eye
  2161 | D        | Noticed a shining eye
  2161 | D        | Noticed a shining eye
  2161 | D        | Noticed a shining eye
  2161 | D        | Noticed a shining eye
  2161 | D        | Gained mutation: Scrolls take you a little longer to read. [a shining eye]
  2163 | D        | Gained mutation: You are frail. (-10% HP) [a shining eye]
  2164 | D        | Paralysed by a floating eye for 4 turns
  2165 | D        | Gained mutation: Your body sometimes deteriorates upon taking damage. [a shining eye]
  2166 | D        | Gained mutation: Armour fits poorly on your strangely shaped body. [a shining eye]
  2171 | D        | Gained mutation: You occasionally shout uncontrollably at your foes. [a shining eye]
  2174 | D        | Gained mutation: You are very frail. (-20% HP) [a shining eye]
  2175 | D        | Gained mutation: You are weak. (Str -2) [a shining eye]
  2178 | D        | Gained mutation: You are extremely frail. (-30% HP) [a shining eye]
  2180 | D        | Gained mutation: Your magical capacity is low. (-10% MP) [a shining eye]
  2180 | D        | Lost mutation: Your body sometimes deteriorates upon taking damage. [a shining eye]
  2185 | D        | Gained mutation: You are dopey. (Int -2) [a shining eye]
  2187 | D        | Gained mutation: You are very dopey. (Int -4) [a shining eye]
  2187 | D        | Gained mutation: Scrolls take you longer to read. [a shining eye]
  2190 | D        | Gained mutation: Scrolls take you much longer to read. [a shining eye]
  2191 | D        | Gained mutation: You sometimes yell uncontrollably at your foes. [a shining eye]
  2193 | D        | Gained mutation: You expend magic power (3 MP) to strengthen your wands. [a shining eye]
  2193 | D        | Gained mutation: You are clumsy. (Dex -2) [a shining eye]
  2195 | D        | Gained mutation: You are very clumsy. (Dex -4) [a shining eye]
  2195 | D        | Gained mutation: Your body sometimes deteriorates upon taking damage. [a shining eye]
  2196 | D        | Gained mutation: You frequently scream uncontrollably at your foes. [a shining eye]
  2197 | D        | Gained mutation: You tend to lose your temper in combat. [a shining eye]
  2197 | D        | Gained mutation: Your magical capacity is very low. (-20% MP) [a shining eye]
  2200 | D        | Gained mutation: Your body often deteriorates upon taking damage. [a shining eye]
  2201 | D        | Gained mutation: You often lose your temper in combat. [a shining eye]
  2204 | D        | Gained mutation: Your spells are a little easier to cast, but a little less powerful. [a shining eye]
  2205 | D        | Gained mutation: Your spells are easier to cast, but less powerful. [a shining eye]
  2207 | D        | Gained mutation: You are very weak. (Str -4) [a shining eye]
  2207 | D        | Gained mutation: You have an uncontrollable temper. [a shining eye]
  2209 | D        | Gained mutation: Your spells are much easier to cast, but much less powerful. [a shining eye]
  2218 | D        | Gained mutation: Your magical capacity is extremely low. (-30% MP) [a shining eye]
  2220 | D        | Gained mutation: You do not regenerate when monsters are visible. [a shining eye]
  2220 | D        | Gained mutation: Potions are less effective at restoring your health. [a shining eye]
  2225 | D        | Gained mutation: Potions are poor at restoring your health. [a shining eye]
  2229 | D        | Lost mutation: You expend magic power (3 MP) to strengthen your wands. [a shining eye]
  2231 | D        | Gained mutation: You expend magic power (3 MP) to strengthen your wands. [a shining eye]
  2234 | D        | Gained mutation: Potions cannot restore your health. [a shining eye]
  2303 | D        | Lost mutation: You frequently scream uncontrollably at your foes. [a shining eye]
  2305 | D        | Gained mutation: You frequently scream uncontrollably at your foes. [a shining eye]
  2355 | D        | Lost mutation: Scrolls take you much longer to read. [a shining eye]
  2360 | D        | Gained mutation: Scrolls take you much longer to read. [a shining eye]
  2361 | D        | Lost mutation: Your body often deteriorates upon taking damage. [a shining eye]
  2367 | D        | Gained mutation: Your body often deteriorates upon taking damage. [a shining eye]
  2394 | D        | Lost mutation: You frequently scream uncontrollably at your foes. [a shining eye]
  2397 | D        | Gained mutation: You frequently scream uncontrollably at your foes. [a shining eye]
  2403 | D        | Lost mutation: Armour fits poorly on your strangely shaped body. [a shining eye]
  2403 | D        | Gained mutation: Armour fits poorly on your strangely shaped body. [a shining eye]
  2421 | D        | Lost mutation: Scrolls take you much longer to read. [a shining eye]
  2423 | D        | Gained mutation: Scrolls take you much longer to read. [a shining eye]
  2441 | D        | Lost mutation: You have an uncontrollable temper. [a shining eye]
  2443 | D        | Gained mutation: You have an uncontrollable temper. [a shining eye]
  2450 | D        | Lost mutation: Armour fits poorly on your strangely shaped body. [a shining eye]
  2451 | D        | Gained mutation: Armour fits poorly on your strangely shaped body. [a shining eye]
  2454 | D        | Lost mutation: You are very dopey. (Int -4) [a shining eye]
  2457 | D        | Gained mutation: You are very dopey. (Int -4) [a shining eye]
  2494 | D        | Lost mutation: Your body often deteriorates upon taking damage. [a shining eye]
  2499 | D        | Gained mutation: Your body often deteriorates upon taking damage. [a shining eye]
  2506 | D        | Lost mutation: You are very weak. (Str -4) [a shining eye]
  2508 | D        | Lost mutation: You are weak. (Str -2) [a shining eye]
  2509 | D        | Gained mutation: You are weak. (Str -2) [a shining eye]
  2511 | D        | Lost mutation: You are very clumsy. (Dex -4) [a shining eye]
  2514 | D        | Gained mutation: You are very weak. (Str -4) [a shining eye]
  2515 | D        | Gained mutation: You are very clumsy. (Dex -4) [a shining eye]
  2535 | D        | Lost mutation: You frequently scream uncontrollably at your foes. [a shining eye]
  2537 | D        | Gained mutation: You frequently scream uncontrollably at your foes. [a shining eye]
  2571 | D        | Lost mutation: You are extremely frail. (-30% HP) [a shining eye]
  2575 | D        | Gained mutation: You are extremely frail. (-30% HP) [a shining eye]
  2618 | D        | Lost mutation: Your magical capacity is extremely low. (-30% MP) [a shining eye]
  2620 | D        | Gained mutation: Your magical capacity is extremely low. (-30% MP) [a shining eye]
  2621 | D        | Lost mutation: You have an uncontrollable temper. [a shining eye]
  2624 | D        | Gained mutation: You have an uncontrollable temper. [a shining eye]
  2664 | D        | Lost mutation: You have an uncontrollable temper. [a shining eye]
  2667 | D        | Gained mutation: You have an uncontrollable temper. [a shining eye]
  2717 | D        | Lost mutation: You are extremely frail. (-30% HP) [a shining eye]
  2721 | D        | Gained mutation: You are extremely frail. (-30% HP) [a shining eye]
  2757 | D        | Lost mutation: Scrolls take you much longer to read. [a shining eye]
  2761 | D        | Gained mutation: Scrolls take you much longer to read. [a shining eye]
  2767 | D        | Lost mutation: You are extremely frail. (-30% HP) [a shining eye]
  2767 | D        | Gained mutation: You are extremely frail. (-30% HP) [a shining eye]
  2827 | D        | Lost mutation: You are extremely frail. (-30% HP) [a shining eye]
  2833 | D        | Lost mutation: You are very frail. (-20% HP) [a shining eye]
  2833 | D        | Gained mutation: You are very frail. (-20% HP) [a shining eye]
  2833 | D        | Gained mutation: You are extremely frail. (-30% HP) [a shining eye]
  2835 | D        | Lost mutation: You expend magic power (3 MP) to strengthen your wands. [a shining eye]
  2837 | D        | Gained mutation: You expend magic power (3 MP) to strengthen your wands. [a shining eye]
  2845 | D        | Lost mutation: Your spells are much easier to cast, but much less powerful. [a shining eye]
  2849 | D        | Lost mutation: You have an uncontrollable temper. [a shining eye]
  2850 | D        | Gained mutation: You have an uncontrollable temper. [a shining eye]
  2857 | D        | Gained mutation: Your spells are much easier to cast, but much less powerful. [a shining eye]
  2877 | D        | Lost mutation: Your magical capacity is extremely low. (-30% MP) [a shining eye]
  2877 | D        | Lost mutation: You expend magic power (3 MP) to strengthen your wands. [a shining eye]
  2879 | D        | Gained mutation: Your magical capacity is extremely low. (-30% MP) [a shining eye]
  2881 | D        | Gained mutation: You expend magic power (3 MP) to strengthen your wands. [a shining eye]
  2884 | D        | Lost mutation: You are extremely frail. (-30% HP) [a shining eye]
  2885 | D        | Gained mutation: You are extremely frail. (-30% HP) [a shining eye]
  2921 | D        | Lost mutation: Armour fits poorly on your strangely shaped body. [a shining eye]
  2924 | D        | Gained mutation: Armour fits poorly on your strangely shaped body. [a shining eye]
  2943 | D        | Lost mutation: Armour fits poorly on your strangely shaped body. [a shining eye]
  2944 | D        | Gained mutation: Armour fits poorly on your strangely shaped body. [a shining eye]
  2971 | D        | Lost mutation: You have an uncontrollable temper. [a shining eye]
  2974 | D        | Gained mutation: You have an uncontrollable temper. [a shining eye]
  2983 | D        | Lost mutation: You have an uncontrollable temper. [a shining eye]
  2983 | D        | Gained mutation: You have an uncontrollable temper. [a shining eye]
  2997 | D        | Lost mutation: Your body often deteriorates upon taking damage. [a shining eye]
  3001 | D        | Gained mutation: Your body often deteriorates upon taking damage. [a shining eye]
  3029 | D        | Killed a shining eye
  3029 | D        | Reached skill level 16 in Axes
  3034 | D        | Killed a shining eye
  3035 | D        | Killed a shining eye
  3037 | D        | Noticed a shining eye
  3037 | D        | Noticed a shining eye
  3041 | D        | Paralysed by a floating eye for 2 turns
  3046 | D        | Paralysed by a floating eye for 3 turns
  3052 | D        | Paralysed by a floating eye for 4 turns
  3055 | D        | Lost mutation: You are very clumsy. (Dex -4) [a shining eye]
  3056 | D        | Gained mutation: You are very clumsy. (Dex -4) [a shining eye]
  3059 | D        | Paralysed by a floating eye for 4 turns
  3064 | D        | Lost mutation: You are very weak. (Str -4) [a shining eye]
  3065 | D        | Paralysed by a floating eye for 2 turns
  3065 | D        | Gained mutation: You are very weak. (Str -4) [a shining eye]
  3074 | D        | Paralysed by a floating eye for 2 turns
  3078 | D        | Lost mutation: You are very weak. (Str -4) [a shining eye]
  3081 | D        | Gained mutation: You are very weak. (Str -4) [a shining eye]
  3107 | D        | Lost mutation: Your body often deteriorates upon taking damage. [a shining eye]
  3109 | D        | Gained mutation: Your body often deteriorates upon taking damage. [a shining eye]
  3111 | D        | Lost mutation: You frequently scream uncontrollably at your foes. [a shining eye]
  3114 | D        | Gained mutation: You frequently scream uncontrollably at your foes. [a shining eye]
  3131 | D        | Lost mutation: Your body often deteriorates upon taking damage. [a shining eye]
  3133 | D        | Gained mutation: Your body often deteriorates upon taking damage. [a shining eye]
  3181 | D        | Lost mutation: Your magical capacity is extremely low. (-30% MP) [a shining eye]
  3184 | D        | Gained mutation: Your magical capacity is extremely low. (-30% MP) [a shining eye]
  3189 | D        | Lost mutation: You have an uncontrollable temper. [a shining eye]
  3191 | D        | Gained mutation: You have an uncontrollable temper. [a shining eye]
  3199 | D        | Lost mutation: You frequently scream uncontrollably at your foes. [a shining eye]
  3199 | D        | Lost mutation: You are very weak. (Str -4) [a shining eye]
  3199 | D        | Gained mutation: You frequently scream uncontrollably at your foes. [a shining eye]
  3203 | D        | Gained mutation: You are very weak. (Str -4) [a shining eye]
  3209 | D        | Lost mutation: Your body often deteriorates upon taking damage. [a shining eye]
  3211 | D        | Gained mutation: Your body often deteriorates upon taking damage. [a shining eye]
  3224 | D        | Lost mutation: You are extremely frail. (-30% HP) [a shining eye]
  3225 | D        | Gained mutation: You are extremely frail. (-30% HP) [a shining eye]
  3265 | D        | Lost mutation: You do not regenerate when monsters are visible. [a shining eye]
  3265 | D        | Gained mutation: You do not regenerate when monsters are visible. [a shining eye]
  3273 | D        | Lost mutation: Scrolls take you much longer to read. [a shining eye]
  3274 | D        | Lost mutation: You frequently scream uncontrollably at your foes. [a shining eye]
  3276 | D        | Gained mutation: Scrolls take you much longer to read. [a shining eye]
  3280 | D        | Gained mutation: You frequently scream uncontrollably at your foes. [a shining eye]
  3293 | D        | Lost mutation: You are extremely frail. (-30% HP) [a shining eye]
  3298 | D        | Gained mutation: You are extremely frail. (-30% HP) [a shining eye]
  3317 | D        | Lost mutation: You are very dopey. (Int -4) [a shining eye]
  3321 | D        | Gained mutation: You are very dopey. (Int -4) [a shining eye]
  3335 | D        | Lost mutation: You are extremely frail. (-30% HP) [a shining eye]
  3337 | D        | Gained mutation: You are extremely frail. (-30% HP) [a shining eye]
  3347 | D        | Lost mutation: You are very weak. (Str -4) [a shining eye]
  3349 | D        | Gained mutation: You are very weak. (Str -4) [a shining eye]
  3366 | D        | Lost mutation: Your body often deteriorates upon taking damage. [a shining eye]
  3367 | D        | Gained mutation: Your body often deteriorates upon taking damage. [a shining eye]
  3384 | D        | Lost mutation: You are very dopey. (Int -4) [a shining eye]
  3385 | D        | Gained mutation: You are very dopey. (Int -4) [a shining eye]
  3454 | D        | Lost mutation: You have an uncontrollable temper. [a shining eye]
  3459 | D        | Lost mutation: Armour fits poorly on your strangely shaped body. [a shining eye]
  3460 | D        | Gained mutation: Armour fits poorly on your strangely shaped body. [a shining eye]
  3461 | D        | Gained mutation: You have an uncontrollable temper. [a shining eye]
  3472 | D        | Lost mutation: Armour fits poorly on your strangely shaped body. [a shining eye]
  3472 | D        | Lost mutation: You are very weak. (Str -4) [a shining eye]
  3474 | D        | Lost mutation: Your spells are much easier to cast, but much less powerful. [a shining eye]
  3478 | D        | Gained mutation: Your spells are much easier to cast, but much less powerful. [a shining eye]
  3479 | D        | Gained mutation: Armour fits poorly on your strangely shaped body. [a shining eye]
  3480 | D        | Gained mutation: You are very weak. (Str -4) [a shining eye]
  3514 | D        | Killed a shining eye
  3514 | D        | Reached skill level 15 in Shields
  3515 | D        | Lost mutation: Potions cannot restore your health. [a shining eye]
  3517 | D        | Killed a shining eye
  3517 | D        | Reached skill level 17 in Axes
  3518 | D        | Gained mutation: Potions cannot restore your health. [a shining eye]
  3522 | D        | Killed a shining eye
  3522 | D        | Reached XP level 11. HP: 77/77 MP: 7/7
  3523 | D        | Killed a shining eye
  3556 | D        | Lost mutation: You expend magic power (3 MP) to strengthen your wands. [a shining eye]
  3558 | D        | Gained mutation: You expend magic power (3 MP) to strengthen your wands. [a shining eye]
  3620 | D        | Lost mutation: You expend magic power (3 MP) to strengthen your wands. [a shining eye]
  3631 | D        | Gained mutation: You expend magic power (3 MP) to strengthen your wands. [a shining eye]
  3635 | D        | Killed a shining eye
  3641 | D        | Found Amol's Antique Weapon Shop.
  3641 | D        | Found Keril's Book Shoppe.
  3641 | D        | Found Fuil's Weapon Boutique.
  3641 | D        | Found Amom's Magic Scroll Emporium.
  3694 | D        | Bought a potion of mutation for 104 gold pieces
  3746 | D        | Lost mutation: Your magical capacity is extremely low. (-30% MP) [potion of mutation]
  3746 | D        | Lost mutation: You frequently scream uncontrollably at your foes. [potion of mutation]
  3746 | D        | Lost mutation: Your magical capacity is very low. (-20% MP) [potion of mutation]
  3797 | D        | Paralysed by a floating eye for 2 turns
  3804 | D        | Reached skill level 15 in Fighting
  3816 | D        | Lost intelligence.
  4641 | D        | Reached skill level 18 in Axes
  4725 | D        | Bought a potion of brilliance for 52 gold pieces
  4763 | D        | Lost intelligence.
  4821 | D        | Paralysed by fainting for 8 turns
  4838 | D        | Paralysed by fainting for 7 turns
  4856 | D        | Starved to death

Skill      XL: |  1  2  3  4  5  6  7  8  9 10 11 |
---------------+----------------------------------+-----
Fighting       | 5 6 8 10 11 12 13 14 15 | 15.6
Axes           | 3 4 6 8 10 13 14 17 18 | 18.0
Armour         | 4 6 8 9 10 11 12 14 | 14.3
Shields        | 5 7 9 10 11 13 15 | 15.6
Dodging        | 2 3 5 6 7 |  7.1
Stealth        | 1 2 3 |  3.2
Evocations     | |  0.8

Action                   |  1- 3 |  4- 6 |  7- 9 | 10-12 || total
-------------------------+-------+-------+-------+-------++-------
Melee: War axe           |    20 |    22 |    49 |   144 ||   235
       Headbutt          |       |     8 |    16 |    40 ||    64
Evoke: Wand              |       |       |     1 |       ||     1
  Use: Potion            |       |       |     1 |     3 ||     4
  Eat: Bread ration      |       |       |       |     2 ||     2
       Royal jelly       |       |       |       |     1 ||     1
Armor: Skin              |     9 |       |       |       ||     9
       Scale mail        |       |     3 |    16 |    36 ||    55
Dodge: Dodged            |     3 |     9 |    17 |    46 ||    75
Block: Shield            |     5 |     7 |    28 |    72 ||   112
